 Dungeon Crawl Stone Soup version 0.30-a0-965-g42e074c17a (webtiles) character file.

Game seed: 3189964879576756278

276 dracfodder the Shield-Bearer (level 6, -9/49 HPs)
             Began as a Formicid Fighter on Mar 31, 2023.
             Killed by divine providence
             ... invoked by an orc priest
              (12 damage)
             ... on level 4 of the Dungeon.
             The game lasted 00:09:20 (2321 turns).

dracfodder the Shield-Bearer (Formicid Fighter)     Turns: 2321, Time: 00:09:21

Health: -9/49      AC:  8    Str: 23    XL:     6   Next: 50%
Magic:  6/6        EV: 13    Int:  7    God:
Gold:   127        SH:  9    Dex: 13    Spells: 5/5 levels left

rFire   . . .      SeeInvis +    a - +0 lajatang
rCold   . . .      Faith    .    m - +0 kite shield
rNeg    . . .      Spirit   .    n - +0 scale mail
rPois   .          Reflect  .    (helmet unavailable)
rElec   .          Rampage  .    (no cloak)
rCorr   .                        i - +0 pair of gloves
Will    .....                    (no boots) Stlth
                                 (no amulet)
HPRegen 0.28/turn                e - +5 ring of evasion
MPRegen 0.10/turn                (no ring)

@: mighty
A: permanent stasis, dig shafts and tunnels, antennae 3, four strong arms
a: Dig, Shaft Self


You were on level 4 of the Dungeon.
You visited 1 branch of the dungeon, and saw 4 of its levels.

You collected 127 gold pieces.

Inventory:

Hand Weapons
 a - a +0 lajatang (weapon)
 b - a +0 broad axe
 k - a +0 sling
 o - the +8 mace of Diunepto {freeze, Dex+7}
   (You found it on level 2 of the Dungeon)

   Dex:       It affects your dexterity (+7).
Missiles
 f - 4 poisoned darts
 r - 2 datura-tipped darts
Armour
 i - a +0 pair of gloves (worn)
 m - a +0 kite shield (worn)
 n - a +0 scale mail (worn)
Jewellery
 e - a +5 ring of evasion (left hand)
Wands
 h - a wand of mindburst (14)
Scrolls
 g - 2 scrolls of identify
Potions
 j - 2 potions of curing
 l - a potion of brilliance {unknown}


   Skills:
 + Level 4.4 Fighting
 + Level 2.9 Axes
 + Level 2.7 Staves
 + Level 4.4 Armour
 + Level 0.3 Dodging
 + Level 0.2 Stealth
 + Level 5.2 Shields


You had 5 spell levels left.
You didn't know any spells.
Your spell library contained the following spells:

 Spells                   Type           Power      Damage    Failure   Level
 Magic Dart               Conj           0%         1d3       94%         1
 Searing Ray              Conj           0%         2d4       98%         2
 Hailstorm                Conj/Ice       0%         3d3       100%        3
 Ignite Poison            Fire/Tmut/Pois 0%         N/A       100%        3
 Kindle Blastsparks       Fire/Tloc/Air  0%         2d10      100%        3
 Fulminant Prism          Conj/Hex       0%         3d5       100%        4
 Ice Form                 Ice/Tmut       0%         N/A       100%        4
 Freezing Cloud           Conj/Ice/Air   0%         6-21      100%        5
 Simulacrum               Ice/Necr       0%         N/A       100%        6


Dungeon Overview and Level Annotations

Branches:
Dungeon (4/15)
 Temple: D:4-7

Altars:

Shops:
D:1 (


Innate Abilities, Weirdness & Mutations

You cannot be hasted, slowed, berserked, paralysed or teleported.
You can dig through walls and to a lower floor.
You have a pair of large antennae on your head. (SInv)
Your four strong arms can wield two-handed weapons with a shield.


Message History

The orc priest mumbles some strange prayers to Beogh against you.
Beogh smites you! The endoplasm freezes you.
You are frozen.
You feel very mighty all of a sudden. The orc misses you.
The orc priest looks encouraged for a moment.
The endoplasm barely misses you.
You barely miss the endoplasm. The orc misses you.
The orc priest begins to cast a cantrip, but forgets the words!
The endoplasm hits you but does no damage.
You slice the orc priest!!
You kill the orc priest!
The orc hits you but does no damage. The orc priest closely misses you.
The endoplasm barely misses you.
You closely miss the orc. The orc completely misses you.
The orc priest calls down the wrath of Beogh upon you.
Beogh smites you! You block the orc's attack. The endoplasm freezes you.
You are frozen.
* * * LOW HITPOINT WARNING * * *
The orc priest barely misses you. The endoplasm freezes you.
You are frozen.
* * * LOW HITPOINT WARNING * * *
The orc misses you. The orc hits you with a +0 hand axe.
* * * LOW HITPOINT WARNING * * *
The orc attacks as you move away! The orc barely misses you.
The endoplasm attacks as you move away! The endoplasm closely misses you.
You slice the orc!!
You kill the orc!
The orc priest mumbles some strange prayers to Beogh against you.
Pain shoots through your body!
* * * LOW HITPOINT WARNING * * *
You slash the orc!
You kill the orc!
The orc priest closely misses you. The orc priest completely misses you.
The orc priest calls down the wrath of Beogh upon you.
Beogh smites you!
You die...

.. ... .##
...... ...
...... ..# ##
."#.##.$# ...
..>.#..#..# #
#........##
#.##)#)......
. #....oJ.#
..# ####@####
....#####.#
.........>#
........###
..#####.####
#....# ####<#
#.# ####.####


You could see an orc priest and an endoplasm.

Vanquished Creatures
  3 orc priests (D:4)
  Jessica (D:2)
  5 gnolls
  3 adders
  A dart slug (D:1)
  9 orcs
  5 bats
  5 endoplasms
  2 giant cockroaches (D:2)
  9 hobgoblins
  6 jackals (D:1)
  3 quokkas
  4 ball pythons
  7 goblins
  8 kobolds
  5 rats
76 creatures vanquished.

Notes
Turn   | Place    | Note
-------+----------+-------------------------------------------
     0 | D:1      | dracfodder the Formicid Fighter began the quest for the
                  | Orb.
     0 | D:1      | Reached XP level 1. HP: 18/18 MP: 1/1
    50 | D:1      | Reached XP level 2. HP: 15/24 MP: 2/2
   130 | D:1      | Reached XP level 3. HP: 29/29 MP: 3/3
   135 | D:1      | Found Oghiomor's Antique Weapon Boutique.
   673 | D:2      | Noticed Jessica
   681 | D:2      | Killed Jessica
   682 | D:2      | Reached XP level 4. HP: 36/37 MP: 4/4
   864 | D:2      | Reached XP level 5. HP: 19/42 MP: 5/5
   994 | D:2      | Identified the +8 mace of Diunepto {freeze, Dex+7}
  1164 | D:3      | Reached skill level 1 in Staves
  1198 | D:3      | Reached skill level 5 in Shields
  2189 | D:4      | Reached XP level 6. HP: 26/49 MP: 6/6
  2321 | D:4      | Killed from afar by an orc priest

Illustrated notes

Levels and vault maps discovered:
D:1:      dpeg_arrival_windows_large_door, layout_basic, serial_shops,
          shop_fountains
D:2:      layout_rooms, minmay_unequal, uniq_jessica
D:3:      layout_loops_ring
D:4:      layout_loops_cross, amcnicky_altar_gilded, minmay_temple_entry_mist,
          eino_tiny_chamber, sigmund_edmund_badplayer

Skill      XL: |  1  2  3  4  5 |
---------------+----------------+-----
Fighting       | 4 |  4.4
Staves         | 2 |  2.7
Shields        | 5 |  5.2
Armour         | 4 |  4.4
Axes           | |  2.9
Dodging        | |  0.3
Stealth        | |  0.2

Action                     |  1- 3 |  4- 6 || total
---------------------------+-------+-------++-------
  Melee: War axe           |    57 |     4 ||    61
         Lajatang          |       |   131 ||   131
    Use: Scroll            |       |     8 ||     8
         Potion            |       |     2 ||     2
 Armour: Scale mail        |    24 |    33 ||    57
  Dodge: Dodged            |    51 |    87 ||   138
  Block: Buckler           |    22 |    33 ||    55
         Kite shield       |       |    23 ||    23

Table legend: (Time is in decaauts)
 A = Elapsed time spent in this place.
 B = Non-inter-level travel time spent in this place.
 C = Inter-level travel time spent in this place.
 D = Time resting spent in this place.
 E = Time spent auto-exploring this place.
 F = Levels seen in this place.
 G = Mean time per level.
                   A        B        C        D        E       F      G
               +--------+--------+--------+--------+--------+-----+--------+
         Total |   2396 |   2326 |     70 |    313 |   1451 |   4 |  599.0 |
       Dungeon |   2396 |   2326 |     70 |    313 |   1451 |   4 |  599.0 |
               +--------+--------+--------+--------+--------+-----+--------+

Top non-repeatable levels by time:
     D:3: 1022 daAuts
     D:1: 693 daAuts
     D:2: 509 daAuts
     D:4: 170 daAuts
